Map: Dash and Terminal LE (Void)

Players

Valoux

  • Race: Protoss Protoss
  • League: Grandmaster

SticklerMac - Winner!

  • Race: Terran Terran
  • League: Bronze

VOD

Have the link to the VOD?

Description

Time

  • Played on: July 28, 2015, 8:46 a.m.
  • Length: 6:55
Show
View Real Time Build Order
Export as new Build Order

Valoux Protoss 

Build Orders: Oracle Opening 

Get SALT Encoding   

  12  0:07  Probe  
  13  0:17  Pylon  
  13  0:24  Probe  
  14  0:36  Probe (Chrono Boost)  
  14  0:41  Gateway  
  15  0:47  Probe (Chrono Boost)  
  16  0:53  Probe (Chrono Boost), Assimilator  
  17  0:58  Assimilator  
  17  1:09  Probe (Chrono Boost)  
  18  1:21  Probe (Chrono Boost)  
  19  1:27  Pylon  
  19  1:30  Probe (Chrono Boost)  
  20  1:38  Probe (Chrono Boost)  
  21  1:46  Cybernetics Core  
  21  1:49  Probe (Chrono Boost)  
  22  1:58  Probe, Pylon  
  23  2:11  Probe  
  23  2:26  Stalker, Stargate  
  23  2:28  Warp Gate (Chrono Boost)  
  25  2:37  Gateway  
  25  2:39  Gateway  
  25  2:56  Stalker  
  27  3:03  Pylon  
  27  3:04  Pylon  
  27  3:12  Oracle (Chrono Boost)  
  30  3:26  Stalker, Zealot  
  34  3:28  Zealot  
  36  3:42  Gateway  
  36  3:45  Pylon  
  36  3:53  Zealot  
  35  4:10  Void Ray (Chrono Boost)  
  33  4:46  Void Ray (Chrono Boost)  
  33  4:49  Stalker x3  
  33  4:52  Pylon  
  42  5:23  Void Ray (Chrono Boost)  
  46  5:33  Pylon  
  42  5:42  Stalker x2  
  38  5:43  Stalker  
  26  6:05  Zealot x2  
  26  6:18  Stalker x2  
Show
View Real Time Build Order
Export as new Build Order

SticklerMac Terran - Winner!

Build Orders:  

Get SALT Encoding   

  12  0:01  SCV  
  13  0:38  SCV  
  14  0:50  SCV  
  14  0:56  Supply Depot  
  15  1:14  Refinery  
  15  1:16  Refinery  
  15  1:17  SCV  
  16  1:20  Barracks  
  16  1:29  Barracks  
  16  1:30  SCV  
  17  1:42  SCV  
  18  1:54  SCV, Barracks  
  19  2:11  Barracks  
  19  2:14  Supply Depot  
  19  2:17  SCV  
  20  2:22  Barracks Reactor  
  20  2:26  Barracks Reactor  
  20  2:31  SCV  
  21  2:40  Supply Depot  
  21  2:44  Barracks Reactor  
  21  2:58  Barracks Tech Lab  
  21  3:06  Barracks  
  21  3:09  Barracks  
  21  3:14  Marine x2  
  21  3:15  Marine x2  
  25  3:22  Stimpack  
  25  3:23  Marine  
  26  3:27  Marine  
  29  3:34  Marauder  
  29  3:39  Marine  
  30  3:45  Marine x2  
  30  3:48  Marine  
  33  3:50  Marine  
  33  3:52  Marine  
  37  3:55  Marauder  
  37  4:00  Supply Depot  
  29  4:15  Marine x2  
  31  4:19  Marine  
  31  4:20  Marine  
  33  4:26  Marauder  
  35  4:45  Marine x3  
  32  4:47  Marauder  
  32  4:48  Marine  
  32  4:51  Marine  
  36  5:09  Marauder  
  36  5:11  Marine x3  
  36  5:12  Marine x5  
  46  5:31  Marine  
  46  5:33  Marauder  
  46  5:42  Marine x3  
  41  5:43  Marine x2  
  41  5:54  Marauder  
  37  5:58  Marine  
  37  6:00  SCV, Marine x3  
  37  6:01  Marine  
  40  6:11  Marine x3  
  40  6:16  Marine, Marauder  
Tags
 
Add a new tag
Caveats
  • Supply blocks, unpowered buildings, or Contaminate may cause inaccurate times.
  • Supply counts are checked every 10 seconds.